Map: Galactic Process LE

Players

Kelazhur - Winner!

  • Race: Terran Terran

Cham

  • Race: Zerg Zerg

Event: WCS Copa Intercontinental

VOD

https://www.youtube.com/watch?v=jAQPjYASbIQ

Description

Time

  • Played on: Sept. 9, 2016, 2:03 p.m.
  • Length: 13:38

All games in this series

Show
View Real Time Build Order
Export as new Build Order

Kelazhur Terran - Winner!

Build Orders: MMM Bio 

Get SALT Encoding   

  12  0:00  SCV  
  13  0:12  SCV  
  14  0:17  Supply Depot  
  14  0:25  SCV  
  15  0:38  SCV  
  15  0:40  Barracks  
  16  0:44  Refinery  
  16  0:50  SCV  
  17  0:58  Barracks  
  17  1:03  SCV  
  18  1:15  SCV  
  19  1:19  Barracks  
  19  1:27  Reaper  
  19  1:30  Refinery  
  20  1:42  Orbital Command  
  20  1:46  Reaper  
  21  1:55  Supply Depot  
  21  1:59  Reaper  
  23  2:08  Reaper  
  23  2:16  SCV  
  23  2:18  Reaper  
  23  2:22  Supply Depot  
  25  2:28  SCV  
  26  2:31  Reaper  
  27  2:40  SCV, Reaper  
  29  2:50  Reaper  
  30  3:00  SCV  
  30  3:03  Reaper  
  32  3:12  SCV, Reaper  
  34  3:21  Command Center  
  34  3:22  Reaper  
  34  3:25  SCV  
  36  3:28  Supply Depot  
  36  3:35  Reaper  
  36  3:37  SCV  
  38  3:47  Barracks Tech Lab  
  38  3:50  SCV  
  39  3:57  Barracks Reactor  
  39  4:03  SCV  
  40  4:11  Stimpack  
  40  4:12  Command Center  
  40  4:15  SCV  
  40  4:16  Barracks Reactor  
  41  4:24  Marine  
  41  4:27  SCV  
  41  4:30  Factory  
  43  4:35  Orbital Command  
  41  4:45  Marine x2  
  41  4:46  SCV, Marauder  
  46  4:54  Marine x2  
  46  4:58  Refinery  
  46  4:59  SCV  
  49  5:03  Marine  
  49  5:04  Marine  
  49  5:05  SCV  
  51  5:12  SCV  
  52  5:20  Marauder  
  54  5:24  Marine  
  54  5:25  SCV  
  54  5:27  Orbital Command  
  54  5:28  Marine x3  
  56  5:32  Starport, Factory Reactor  
  56  5:35  SCV  
  60  5:37  SCV  
  60  5:41  Marine x2  
  63  5:46  Marine x2  
  63  5:47  Marine  
  64  5:57  SCV, Engineering Bay  
  64  5:58  Engineering Bay  
  64  5:59  SCV, Marine, Marauder  
  64  6:00  SCV  
  64  6:04  Marine  
  70  6:09  SCV, Supply Depot, Marine  
  73  6:11  SCV, Refinery  
  73  6:14  Combat Shields  
  73  6:17  Marine  
  75  6:23  Medivac  
  75  6:24  Factory Tech Lab  
  77  6:31  Medivac, SCV x3, Supply Depot  
  82  6:34  Terran Infantry Weapons Level 1  
  82  6:36  Terran Infantry Armor Level 1  
  82  6:38  Supply Depot  
  82  6:40  Marine x2  
  82  6:43  SCV  
  85  6:47  Marine  
  85  6:52  Marine x2  
  85  6:53  SCV x2, Siege Tank  
  92  6:55  Supply Depot  
  92  6:59  Medivac  
  92  7:00  SCV  
  95  7:01  Supply Depot  
  95  7:03  Medivac  
  95  7:07  Marine x2  
  95  7:08  Marauder  
  101  7:16  Marine  
  101  7:17  SCV x3  
  101  7:18  Supply Depot  
  101  7:22  Missile Turret  
  105  7:24  Armory  
  105  7:25  Supply Depot  
  105  7:28  Siege Tank  
  108  7:31  SCV  
  108  7:35  Marine x3  
  112  7:39  Marine  
  112  7:40  Concussive Shells, Marauder  
  114  7:45  Barracks  
  114  7:47  Barracks  
  114  7:49  SCV  
  110  7:54  Medivac  
  111  8:03  Marine x4  
  111  8:04  Marauder  
  115  8:06  SCV  
  115  8:11  Siege Tank  
  115  8:12  SCV  
  120  8:15  Medivac  
  120  8:16  SCV  
  120  8:18  SCV  
  124  8:20  Marine  
  124  8:24  SCV  
  122  8:28  SCV  
  122  8:33  Marine x3, Marauder  
  123  8:34  Barracks Reactor x2  
  123  8:39  Refinery  
  123  8:41  Command Center  
  121  8:45  SCV x3, Supply Depot x2  
  127  8:49  Terran Infantry Weapons Level 2  
  127  8:52  Marine  
  127  8:53  Marine x3  
  127  8:54  Marine  
  127  8:55  Refinery  
  129  8:57  SCV x3  
  129  8:59  Supply Depot  
  132  9:03  Terran Infantry Armor Level 2  
  132  9:10  Marine x2  
  132  9:13  Marine  
  132  9:14  Marine x6  
  139  9:28  Marine x2  
  139  9:29  Medivac x2  
  131  9:31  Marine  
  131  9:32  Marauder  
  131  9:33  Marine  
  131  9:37  Marine  
  131  9:38  Marine x3  
  122  9:41  SCV  
  122  9:45  Liberator x2  
  115  9:46  Marine x2  
  115  9:49  Siege Tank, Marine  
  115  9:51  Barracks  
  123  9:52  Barracks  
  123  9:53  Barracks  
  123  9:54  Marauder  
  123  9:56  Supply Depot  
  123  10:02  Marine x5  
  123  10:06  Starport  
  134  10:09  Marine  
  135  10:15  Marine, Marauder  
  135  10:17  Marine  
  139  10:24  Marine x5  
  139  10:25  Siege Tank  
  139  10:27  Liberator x2, Marine  
  148  10:35  Liberator  
  148  10:36  Marauder  
  148  10:39  Marine x2  
  148  10:41  Barracks Tech Lab x3  
  148  10:53  Marine  
  148  10:54  Marine x4  
  156  10:58  Marine, Marauder  
  154  11:08  Planetary Fortress, Marauder x2  
  154  11:09  Missile Turret, Marine  
  154  11:10  Liberator, Marine  
  160  11:15  Liberator  
  159  11:19  Marine, Marauder  
  159  11:20  Marauder  
  159  11:22  Marine  
  162  11:29  Marauder  
  170  11:38  Marine, Marauder  
  172  11:44  Marine  
  172  11:45  Marine x4, Marauder  
  180  11:53  Command Center  
  180  11:56  Liberator  
  180  11:58  Marine  
  176  12:01  Supply Depot  
  176  12:03  Supply Depot  
  176  12:13  Liberator  
  179  12:26  Fusion Core  
  186  12:46  Marine x4, Marauder  
  186  12:47  Marine, Marauder x2  
  193  12:55  Marine x3, Marauder  
  186  13:04  Marine x4  
  185  13:05  Marine  
  185  13:08  Marauder x2  
  185  13:09  Marauder  
  188  13:13  Marine x2  
  188  13:14  Starport Tech Lab  
  188  13:17  Marauder  
Show
View Real Time Build Order
Export as new Build Order

Cham Zerg 

Build Orders: Pool First 

Get SALT Encoding   

  12  0:00  Drone  
  13  0:08  Drone  
  14  0:18  Overlord  
  14  0:37  Drone x3  
  17  0:44  Spawning Pool  
  17  0:49  Drone  
  17  1:09  Hatchery  
  16  1:14  Drone, Extractor  
  16  1:17  Drone  
  17  1:21  Drone  
  20  1:33  Zergling x2  
  20  1:34  Queen  
  21  1:42  Drone  
  22  1:49  Roach Warren  
  22  1:52  Drone  
  22  2:10  Overlord  
  22  2:20  Queen  
  26  2:27  Overlord  
  25  2:37  Roach x3  
  25  2:39  Roach  
  31  2:46  Roach  
  33  2:51  Roach  
  33  2:58  Roach  
  37  3:03  Drone x2  
  39  3:07  Drone  
  39  3:11  Ravager  
  41  3:13  Drone  
  42  3:20  Drone x2  
  42  3:25  Overlord  
  43  3:29  Drone  
  44  3:34  Overlord  
  44  3:44  Drone x2  
  44  3:48  Ravager, Roach  
  49  3:51  Drone x2  
  49  3:52  Drone  
  52  3:57  Drone x2  
  52  4:01  Roach  
  56  4:07  Overlord  
  56  4:08  Drone  
  57  4:13  Drone x2  
  59  4:20  Drone  
  59  4:21  Overlord  
  60  4:36  Hatchery  
  60  4:38  Drone, Lair  
  57  4:39  Drone  
  58  4:48  Drone x2  
  58  4:51  Drone x3, Evolution Chamber  
  58  4:52  Extractor x2  
  60  4:58  Drone x3  
  61  5:00  Extractor  
  61  5:02  Drone x3  
  61  5:06  Overlord  
  63  5:10  Drone  
  64  5:19  Overlord  
  64  5:22  Overlord  
  64  5:27  Zerg Ground Armor Level 1  
  64  5:29  Roach, Overlord  
  64  5:33  Queen  
  70  5:35  Roach  
  70  5:40  Drone x3  
  71  5:47  Drone  
  71  5:48  Drone  
  72  5:51  Drone  
  72  5:56  Roach x2  
  77  5:57  Drone  
  77  5:58  Drone  
  77  6:01  Drone x3  
  77  6:04  Drone  
  83  6:05  Drone  
  83  6:07  Drone  
  83  6:10  Roach  
  87  6:13  Drone x2  
  89  6:18  Drone  
  89  6:19  Drone  
  89  6:21  Roach x2  
  92  6:26  Glial Reconstitution  
  92  6:29  Infestation Pit  
  92  6:31  Drone  
  92  6:33  Roach x2  
  92  6:34  Roach  
  92  6:35  Extractor  
  92  6:37  Drone x2, Extractor  
  92  6:38  Drone  
  99  6:40  Drone  
  99  6:41  Roach  
  99  6:44  Roach  
  104  6:50  Roach x2  
  108  6:56  Drone x3  
  108  7:01  Evolution Chamber, Overlord x2  
  111  7:03  Drone x4  
  114  7:09  Overlord  
  114  7:11  Hive  
  114  7:14  Roach, Overlord  
  114  7:19  Queen  
  116  7:25  Infestor x2  
  116  7:28  Ravager x2  
  116  7:29  Ravager  
  124  7:30  Ravager x2  
  128  7:37  Roach x5  
  128  7:38  Roach x2  
  136  7:46  Roach x2  
  128  7:56  Roach x2  
  128  7:57  Roach  
  130  7:58  Drone x4  
  130  7:59  Drone x2  
  130  8:02  Roach  
  134  8:10  Drone x3  
  134  8:12  Drone  
  137  8:17  Drone x2  
  133  8:20  Drone x2  
  133  8:21  Drone  
  133  8:26  Adrenal Glands  
  134  8:32  Zerg Ground Armor Level 2  
  130  8:44  Zerg Missile Weapons Level 1  
  130  8:48  Hatchery  
  130  8:51  Queen  
  130  8:52  Overlord x3  
  130  8:55  Ultralisk Cavern  
  130  9:00  Overlord x4  
  130  9:02  Overlord  
  130  9:11  Roach x2  
  130  9:12  Roach  
  130  9:13  Roach x2  
  130  9:14  Roach  
  130  9:16  Roach x2  
  146  9:21  Roach  
  146  9:24  Roach  
  146  9:25  Roach  
  128  9:33  Roach x3  
  128  9:34  Roach  
  128  9:35  Roach x2  
  117  9:43  Roach x2  
  102  9:50  Chitinous Plating  
  102  9:52  Drone x5  
  107  9:53  Drone x2  
  107  9:55  Drone  
  107  9:57  Ravager, Roach  
  107  9:58  Ravager  
  107  9:59  Roach  
  116  10:00  Overseer  
  116  10:02  Roach  
  118  10:08  Queen  
  118  10:12  Roach x2  
  121  10:16  Roach  
  121  10:17  Roach x2  
  121  10:21  Roach x4  
  131  10:26  Ultralisk  
  135  10:28  Extractor  
  135  10:35  Ultralisk  
  121  10:46  Ultralisk  
  121  10:49  Roach x5  
  127  10:51  Roach  
  127  10:52  Drone, Roach  
  127  10:54  Roach  
  125  10:57  Roach x3  
  125  11:02  Roach x3  
  125  11:03  Zergling x2  
  128  11:22  Ultralisk  
  128  11:24  Overlord x2  
  128  11:25  Zergling x2  
  129  11:26  Zergling x14  
  129  11:31  Metabolic Boost  
  136  11:33  Drone  
  136  11:34  Drone x2  
  136  11:35  Drone x2  
  138  11:40  Drone x3  
  138  11:41  Drone  
  138  11:42  Infestor x2  
  138  11:46  Ravager  
  144  11:50  Drone x2  
  144  11:51  Queen, Drone x3  
  144  11:52  Overlord  
  144  11:53  Queen  
  153  11:55  Queen  
  153  12:00  Ravager  
  156  12:04  Overlord x2  
  156  12:07  Extractor  
  155  12:21  Spire  
  154  12:24  Ravager x2  
  154  12:25  Roach x2  
  158  12:32  Hatchery  
  158  12:35  Roach x5  
  158  12:36  Roach  
  153  12:41  Ultralisk x2  
  153  12:42  Zergling x2  
  160  12:45  Roach  
  154  12:51  Zergling x2  
  154  12:52  Zergling x2  
  154  12:58  Ravager x3  
  154  13:10  Spore Crawler  
  135  13:20  Hatchery  
  135  13:22  Ravager x2  
  135  13:25  Ravager x2  
  135  13:26  Ravager x2  
Tags
 
Add a new tag
Caveats
  • Supply blocks, unpowered buildings, or Contaminate may cause inaccurate times.
  • Supply counts are checked every 10 seconds.